 Dungeon Crawl Stone Soup version 0.24-a0-284-g9fb9971 (webtiles) character file.

Game seed: 7824853263567105768

896 mhoghedin the Slasher (level 7, -2/61 HPs)
             Began as a Demigod Gladiator on May 6, 2019.
             Slain by a worker ant (5 damage)
             ... on level 4 of the Dungeon.
             The game lasted 00:06:55 (4991 turns).

mhoghedin the Slasher (Demigod Gladiator)           Turns: 4991, Time: 00:06:56

Health: -2/61      AC:  5    Str: 21    XL:     7   Next: 49%
Magic:  9/9        EV: 15    Int: 14    God:
Gold:   105        SH:  0    Dex: 17    Spells: 6/6 levels left

rFire    . . .     SeeInvis +   u - +3 dagger
rCold    . . .     Gourm    .   (no shield)
rNeg     . . .     Faith    .   b - +0 leather armour
rPois    .         Spirit   .   c - +0 helmet
rElec    .         Reflect  .   g - +0 cloak
rCorr    .         Harm     .   (no gloves)
MR       .....                  (no boots)
Stlth    +.........             (no amulet)
HPRegen  0.20/turn              n - +2 ring of intelligence
MPRegen  0.11/turn              k - ring of see invisible {sInv, !d}

@: lethally poisoned (-2 -> -4), hasted, very quick
A: high mp 1
a: no special abilities


You were on level 4 of the Dungeon.
You were not hungry.

You visited 1 branch of the dungeon, and saw 4 of its levels.

You collected 105 gold pieces.

Inventory:

Hand Weapons
 a - a +0 long sword
 u - a +3 dagger (weapon)
   (You took it off an orc priest on level 3 of the Dungeon)
Missiles
 d - 3 throwing nets {=f, !d}
Armour
 b - a +0 leather armour (worn)
 c - a +0 helmet (worn)
 g - a +0 cloak (worn)
   (You took it off Crazy Yiuf on level 3 of the Dungeon)
Jewellery
 k - a ring of see invisible (right hand) {sInv, !d}
   (You found it on level 2 of the Dungeon)
 l - an uncursed ring of ice {rC+, rF-}
   (You found it on level 1 of the Dungeon)
 n - a +2 ring of intelligence (left hand)
   (You found it on level 3 of the Dungeon)
Scrolls
 e - a scroll of blinking {!r}
 i - 2 scrolls of enchant armour
 j - 3 scrolls of teleportation
 m - a scroll of fear
 p - a scroll of amnesia
Potions
 o - a potion of cancellation
 q - a potion of degeneration {unknown}
 s - a potion of berserk rage {unknown}
Comestibles
 f - 8 rations


   Skills:
 + Level 5.0 Fighting
 + Level 5.4 Long Blades
 - Level 1.7 Throwing
 + Level 5.4 Dodging


You had 6 spell levels left.
You didn't know any spells.
Your spell library was empty.

Dungeon Overview and Level Annotations

Branches:
Dungeon (4/15)
 Temple: D:4-7


Innate Abilities, Weirdness & Mutations

You have an increased reservoir of magic. (+10% MP)


Message History

You see here 2 poisoned needles.
You see here a +0 flail.
There is a stone staircase leading down here.
You climb downwards.
An adder comes into view.
There is a stone staircase leading up here.
The helpless adder fails to defend itself.
You impale the adder!!
You kill the adder!
A leopard gecko comes into view.
Unknown command.
You hit the leopard gecko. The leopard gecko barely misses you.
You miss the leopard gecko. The leopard gecko closely misses you.
You closely miss the leopard gecko.
The leopard gecko bites you but does no damage.
You miss the leopard gecko. The leopard gecko closely misses you.
You closely miss the leopard gecko. The leopard gecko bites you.
You take 1 damage, and have 59/60 hp.
You puncture the leopard gecko!
You kill the leopard gecko!
Health restored: 60 No target in view!
No target in view!
No target in view!
No target in view!
No target in view!
No target in view!
No target in view!
You open the door.
There is an open door here.
You now have 105 gold pieces (gained 11).
You open the door.
There is an open door here.
h - a potion of haste
There is an open door here.
Found a stone staircase leading down.
Found an escape hatch in the floor.
f - 8 rations (gained 1)
A dart slug comes into view.
The dart slug launches a dart at you. The slug dart misses you.
An ogre comes into view. It is wielding a +0 giant club.
The ogre shouts!
The dart slug misses you.
You see here 18 gold pieces.
You hit the dart slug.
A worker ant comes into view.
The worker ant twitches its antennae in your direction.
You hit the dart slug. The dart slug launches a dart at you.
The slug dart misses you.
You hit the dart slug. The ogre closely misses you.
You hit the dart slug.
You kill the dart slug!
You hit the ogre. The ogre hits you with a +0 giant club!
You hit the ogre. The ogre barely misses you.
You closely miss the ogre.
All of the chunks of flesh in your inventory have rotted away.
You hit the ogre. The worker ant bites you. The ogre closely misses you.
You take 19 damage, and have 41/60 hp.
MASSIVE DAMAGE!!
The worker ant misses you. The worker ant misses you.
You barely miss the ogre.
The ogre hits you with a +0 giant club!!
You take 17 damage, and have 25/60 hp.
MASSIVE DAMAGE!!
You hit the ogre. You hit the ogre.
The ogre hits you with a +0 giant club!!
* * * LOW HITPOINT WARNING * * *
You take 18 damage, and have 7/60 hp.
MASSIVE DAMAGE!!
You hit the ogre. The ogre barely misses you.
You hit the ogre. You barely miss the ogre. The ogre misses you.
You puncture the ogre!
You kill the ogre!
Your Fighting skill increases to level 5!
You feel yourself speed up.
The worker ant waves its antennae.
The worker ant misses you.
You closely miss the worker ant. You hit the worker ant.
The worker ant closely misses you.
You hit the worker ant. The worker ant completely misses you.
You hit the worker ant but do no damage.
You hit the worker ant but do no damage.
The worker ant bites you.
* * * LOW HITPOINT WARNING * * *
You are poisoned.
The worker ant poisons you!
You take 4 damage, and have 4/61 hp.
You hit the worker ant but do no damage.
* * * LOW HITPOINT WARNING * * *
You feel sick.
The worker ant bites you but does no damage.
You take 1 damage, and have 3/61 hp.
You completely miss the worker ant. You barely miss the worker ant.
The worker ant bites you.
You die...

#... #....# #. #. #...##....# #.
#. ...........#### #.
#.##.....[........ +. #
...............#######. #. ##.#.#
.[......#...#... ###.. ...>#
.##.....#.#.#.##
......#####...###.#......#.#.# #.
.......$......#.@.#.#....#.#.# #.
..............#a#.#.#....#'#.#.#.
..............#)#+#.#........#.#.
....................#........#.#^
###.................##.......#.#.
#.................#####....#.#.
##+#........#.....# #....#.#.
##########...#.# #....#.##
#...#.# #....'...


You could see a worker ant.

Vanquished Creatures
  Grinder (D:3)
  Sigmund (D:2)
  An ogre (D:4)
  Crazy Yiuf (D:3)
  3 orc priests (D:3)
  2 orc wizards (D:3)
  Jessica (D:3)
  Terence (D:2)
  4 gnolls (D:3)
  8 adders
  3 worms
  3 dart slugs
  2 leopard geckos
  16 orcs
  A ball python (D:1)
  A giant cockroach (D:1)
  9 hobgoblins
  7 jackals
  6 kobolds
  A quokka (D:2)
  6 bats
  A frilled lizard (D:2)
  7 goblins
  9 rats
95 creatures vanquished.

Notes
Turn   | Place    | Note
-------+----------+-------------------------------------------
     0 | D:1      | mhoghedin the Demigod Gladiator began the quest for the
                  | Orb.
     0 | D:1      | Reached XP level 1. HP: 17/17 MP: 3/3
   263 | D:1      | Reached skill level 2 in Fighting
   307 | D:1      | Reached XP level 2. HP: 10/24 MP: 4/4
   543 | D:1      | Reached skill level 3 in Dodging
   546 | D:1      | Reached skill level 3 in Long Blades
   861 | D:2      | Found a stormy altar of Qazlal.
   935 | D:2      | Reached XP level 3. HP: 12/30 MP: 5/5
  1059 | D:2      | Found a hide-covered altar of Uskayaw.
  1059 | D:2      | Found a basalt altar of Yredelemnul.
  1060 | D:2      | Found a bloodstained altar of Trog.
  1653 | D:2      | Found a shadowy altar of Dithmenos.
  2008 | D:2      | Found a faded altar of an unknown god.
  2008 | D:2      | Noticed Sigmund
  2050 | D:2      | Killed Sigmund
  2050 | D:2      | Reached skill level 3 in Fighting
  2050 | D:2      | Reached skill level 4 in Long Blades
  2050 | D:2      | Reached skill level 4 in Dodging
  2050 | D:2      | Reached XP level 4. HP: 23/38 MP: 6/6
  2050 | D:2      | Reached XP level 5. HP: 28/45 MP: 7/7
  2106 | D:2      | Found a sacrificial altar of Ru.
  2261 | D:2      | Noticed Terence
  2273 | D:2      | Killed Terence
  2618 | D:3      | Noticed Jessica
  2628 | D:3      | Killed Jessica
  2702 | D:3      | Found an ornate altar of the Wu Jian Council.
  2719 | D:3      | Reached XP level 6. HP: 29/52 MP: 8/8
  2906 | D:3      | HP: 10/52 [gnoll/+0 halberd (10)]
  2961 | D:3      | HP: 13/52 [gnoll/+0 spear (5)]
  2964 | D:3      | HP: 2/52 [orc/+0 flail (8)]
  3260 | D:2      | Reached skill level 4 in Fighting
  4042 | D:3      | Noticed Grinder
  4072 | D:3      | Paralysed by Grinder for 7 turns
  4092 | D:3      | Killed Grinder
  4092 | D:3      | Reached skill level 5 in Long Blades
  4092 | D:3      | Reached skill level 5 in Dodging
  4092 | D:3      | Reached XP level 7. HP: 42/60 MP: 9/9
  4509 | D:3      | Found a radiant altar of Vehumet.
  4739 | D:3      | Found a runed translucent door.
  4740 | D:3      | Noticed Crazy Yiuf
  4747 | D:3      | Killed Crazy Yiuf
  4977 | D:4      | HP: 7/60 [ogre/+0 giant club (18)]
  4981 | D:4      | Reached skill level 5 in Fighting
  4988 | D:4      | HP: 4/61 [worker ant (5)]
  4991 | D:4      | Slain by a worker ant

Levels and vault maps discovered:
D:1:      dpeg_arrival_ratfight, layout_rooms
D:2:      layout_loops_ring, nicolae_ru_awakened_eye, grunt_qazlal_clouds,
          gammafunk_temple_overflow_claw, grunt_dithmenos_smoke_and_mirrors,
          nicolae_overflow_hidden_temple, chequers_ecumenical_altar_simple,
          minmay_misc_feat_encased, uniq_sigmund, uniq_terence
D:3:      layout_loops_ring, fiery_altar_vehumet, lemuel_crystal_altar,
          chequers_serial_rivers_micro_d, uniq_jessica, uniq_crazy_yiuf_cottage,
          uniq_grinder
D:4:      layout_basic, first_ration

Skill      XL: |  1  2  3  4  5  6  7 |
---------------+----------------------+-----
Fighting       | 2 3 4 5 |  5.0
Dodging        | 3 4 5 |  5.4
Long Blades    | 3 4 5 |  5.4
Throwing       | |  1.7

Action                   |  1- 3 |  4- 6 |  7- 9 || total
-------------------------+-------+-------+-------++-------
Melee: Long sword        |    94 |    64 |       ||   158
       Dagger            |       |   160 |    65 ||   225
Evoke: Wand              |       |     7 |     2 ||     9
  Use: Scroll            |     6 |     1 |     3 ||    10
       Potion            |     2 |     2 |     1 ||     5
 Stab: Sleeping          |     1 |     1 |     1 ||     3
       Paralysed         |       |     3 |     2 ||     5
  Eat: Chunk             |     3 |     4 |     3 ||    10
       Ration            |       |     1 |       ||     1
Armor: Leather armour    |    30 |    33 |     6 ||    69
       Skin              |       |    10 |       ||    10
Dodge: Dodged            |    92 |   153 |    38 ||   283
       Rpst.: Long sword |    29 |    15 |       ||    44

Table legend:
 A = Non-vault XP
 B = Vault XP
 C = Vault XP percentage of total XP
 D = Non-vault monster count
 E = Vault monster count
 F = Vault count percentage of total count
                 A         B        C        D         E       F
            +---------+---------+-------+---------+---------+-------
      Total |     633 |     648 |  50.6 |      85 |      10 |  10.5
            +---------+---------+-------+---------+---------+-------
        D:1 |      34 |       5 |  12.8 |      18 |       5 |  21.7
        D:2 |      64 |     274 |  81.1 |      20 |       2 |   9.1
        D:3 |     397 |     369 |  48.2 |      43 |       3 |   6.5
        D:4 |     138 |       0 |   0.0 |       4 |       0 |   0.0
            +---------+---------+-------+---------+---------+-------

Levels and vault maps discovered:
D:1:      dpeg_arrival_ratfight, layout_rooms
D:2:      layout_loops_ring, nicolae_ru_awakened_eye, grunt_qazlal_clouds,
          gammafunk_temple_overflow_claw, grunt_dithmenos_smoke_and_mirrors,
          nicolae_overflow_hidden_temple, chequers_ecumenical_altar_simple,
          minmay_misc_feat_encased, uniq_sigmund, uniq_terence
D:3:      layout_loops_ring, fiery_altar_vehumet, lemuel_crystal_altar,
          chequers_serial_rivers_micro_d, uniq_jessica, uniq_crazy_yiuf_cottage,
          uniq_grinder
D:4:      layout_basic, first_ration

Table legend:
 A = Turns spent in this place as a percentage of turns spent in the entire game.
 B = Non-inter-level travel turns spent in this place as a percentage of non-inter-level travel turns spent in the entire game.
 C = Inter-level travel turns spent in this place as a percentage of turns spent in this place.
 D = Turns resting spent in this place as a percentage of non-inter-level travel turns spent in this place.
 E = Turns spent auto-exploring this place as a percentage of non-inter-level travel turns spent in this place.
 F = Non-inter-level travel turns spent in this place divided by the number of levels of this place that you've seen.
                   A       B       C       D       E      F
               +-------+-------+-------+-------+-------+----------------------
         Total | 100.0 | 100.0 |   3.2 |  46.8 |  34.6 | 1207.2
       Dungeon | 100.0 | 100.0 |   3.2 |  46.8 |  34.6 | 1207.2
               +-------+-------+-------+-------+-------+----------------------

Table legend:
 A = Kills in this place as a percentage of kills in entire the game.
 B = Kills by you in this place as a percentage of kills by you in the entire game.
 C = Kills by friends in this place as a percentage of kills by friends in the entire game.
 D = Other kills in this place as a percentage of other kills in the entire game.
 E = Experience gained in this place as a percentage of experience gained in the entire game.
 F = Experience gained in this place divided by the number of levels of this place that you have seen.
                   A       B       C       D       E      F
               +-------+-------+-------+-------+-------+----------------------
         Total | 100.0 | 100.0 |   N/A |   N/A | 100.0 | 320.2
       Dungeon | 100.0 | 100.0 |   N/A |   N/A | 100.0 | 320.2
               +-------+-------+-------+-------+-------+----------------------
